 Dungeon Crawl Stone Soup version 0.21-b1-23-g1fb0a74c36 (webtiles) character file.

6 RKaid the Sneak (level 1, -1/11 HPs)
             Began as a Tengu Enchanter on Jan 6, 2018.
             Slain by a jackal (2 damage)
             ... on level 1 of the Dungeon.
             The game lasted 00:01:10 (223 turns).

RKaid the Sneak (Tengu Enchanter)                    Turns: 223, Time: 00:01:10

Health: -1/11      AC:  2    Str:  8    XL:     1   Next: 90%
Magic:  4/4        EV: 12    Int: 15    God:
Gold:   29         SH:  0    Dex: 14    Spells: 3/4 levels left

rFire    . . .     SeeInvis .   a - +1 dagger
rCold    . . .     Gourm    .   (no shield)
rNeg     . . .     Faith    .   b - +0 robe
rPois    .         Spirit   .   (helmet restricted)
rElec    .         Reflect  .   (no cloak)
rCorr    .         Harm     .   (no gloves)
MR       .....                  (boots unavailable)
Stlth    ++........             (no amulet)
HPRegen  0.03/turn              (no ring)
MPRegen  0.09/turn              (no ring)

@: no status effects
A: beak, talons 3
a: no special abilities


You were on level 1 of the Dungeon.
You were not hungry.

You visited 1 branch of the dungeon, and saw 1 of its levels.

You collected 29 gold pieces.

Inventory:

Hand Weapons
 a - a +1 dagger (weapon)
Armour
 b - a +0 robe (worn)
Potions
 e - a potion of curing {unknown}
Books
 c - a book of Maledictions
Comestibles
 d - 3 rations
 f - 2 chunks of flesh


   Skills:
 + Level 0.3 Fighting
 + Level 1.3 Short Blades
 - Level 2.1 Dodging
 + Level 3.1 Stealth
 + Level 2.1 Spellcasting
 + Level 2.2 Hexes


You had 3 spell levels left.
You knew the following spells:

 Your Spells              Type           Power        Failure   Level  Hunger
b - Corona                Hex            #......      9%          1    #......


Dungeon Overview and Level Annotations

Branches:
Dungeon (1/15)

Altars:


Innate Abilities, Weirdness & Mutations

You have a beak for a mouth.
You have claws for feet.


Message History

Welcome, RKaid the Tengu Enchanter.
The bosom of this dungeon contains the fabled artefact, the Orb of Zot.
Press ? for a list of commands and other information.
Found a staircase leading out of the dungeon.
Okay, then.
Unknown command.
Okay, then.
Okay, then.
There is a fountain of clear blue water here.
You open the large door.
There is a large open door here.
There is a large open door here.
d - 2 rations (gained 1)
e - a fizzy emerald potion
Found a stone staircase leading down.
d - 3 rations (gained 1) Sorry, you're not good enough to have a special ability.
A rat comes into view.
The rat bites you.
You hit the rat but do no damage. Your kick misses the rat.
You peck the rat, but do no damage. The rat misses you.
You closely miss the rat. You claw the rat, but do no damage. You peck the rat.
The rat closely misses you.
You hit the rat but do no damage. Your peck misses the rat. The rat bites you.
You barely miss the rat. You peck the rat.
You kill the rat!
You start resting.
A rat comes into view.
The rat barely misses you.
You hit the rat.
You kill the rat!
No target in view!
You butcher the rat corpse.
f - a chunk of flesh A rat comes into view.
A rat is nearby!
The rat bites you.
You hit the rat.
You kill the rat!
No target in view!
You now have 13 gold pieces.
You now have 29 gold pieces (gained 16).
A rat comes into view.
You hit the rat but do no damage. You claw the rat.
You kill the rat!
No target in view!
No target in view!
No target in view!
No target in view!
No target in view!
You butcher the rat corpse.
f - 2 chunks of flesh (gained 1)
You open the door.
There is an open door here.
A frilled lizard and a jackal come into view. 2 jackals come into view.
The frilled lizard hisses angrily.
The jackal barks! x2
The frilled lizard bites you.
The jackal barks!
You hit the frilled lizard but do no damage.
You barely miss the frilled lizard. You claw the frilled lizard.
You kill the frilled lizard!
You hit the jackal but do no damage. You claw the jackal.
You kill the jackal!
The jackal bites you.
You hit the jackal but do no damage. You hit the jackal. You peck the jackal.
The jackal bites you. The jackal closely misses you.
You barely miss the jackal. The jackal barely misses you.
The jackal closely misses you. The jackal barely misses you.
The jackal bites you. The jackal misses you.
You closely miss the jackal. You claw the jackal. You peck the jackal.
You kill the jackal!
The jackal bites you.
You miss the jackal. You claw the jackal, but do no damage.
Your peck misses the jackal. The jackal closely misses you.
You barely miss the jackal. Your peck misses the jackal.
The jackal closely misses you. The jackal bites you.
* * * LOW HITPOINT WARNING * * *
You barely miss the jackal. The jackal bites you.
You die...

#... #..# #!.# #..####...
#......... ##.####.##
####.####.## #.h†........
#@##......###.# #.###.#####
#.# #..##.# #.#
##############.##.# #.#
#..........#.#.##.# ###.#
#..........#.#..#.# ...#
#.................#######.###
#.................#....8....#
#...................##...##.#


You could see a jackal.

Vanquished Creatures
  2 jackals (D:1)
  A frilled lizard (D:1)
  4 rats (D:1)
7 creatures vanquished.

Notes
Turn   | Place    | Note
-------+----------+-------------------------------------------
     0 | D:1      | RKaid the Tengu Enchanter began the quest for the Orb.
     0 | D:1      | Reached XP level 1. HP: 10/10 MP: 4/4
   222 | D:1      | HP: 1/11 [jackal (3)]
   223 | D:1      | Slain by a jackal

Action                   || total
-------------------------++-------
Melee: Dagger            ||    17
       Kick              ||     6
       Peck              ||     5
Dodge: Dodged            ||    10

Table legend:
 A = Turns spent in this place as a percentage of turns spent in the entire game.
 B = Non-inter-level travel turns spent in this place as a percentage of non-inter-level travel turns spent in the entire game.
 C = Inter-level travel turns spent in this place as a percentage of turns spent in this place.
 D = Turns resting spent in this place as a percentage of non-inter-level travel turns spent in this place.
 E = Turns spent auto-exploring this place as a percentage of non-inter-level travel turns spent in this place.
 F = Non-inter-level travel turns spent in this place divided by the number of levels of this place that you've seen.
                   A       B       C       D       E      F
               +-------+-------+-------+-------+-------+----------------------
         Total | 100.0 | 100.0 |   0.0 |  40.8 |  25.6 | 223.0
       Dungeon | 100.0 | 100.0 |   0.0 |  40.8 |  25.6 | 223.0
               +-------+-------+-------+-------+-------+----------------------

Table legend:
 A = Kills in this place as a percentage of kills in entire the game.
 B = Kills by you in this place as a percentage of kills by you in the entire game.
 C = Kills by friends in this place as a percentage of kills by friends in the entire game.
 D = Other kills in this place as a percentage of other kills in the entire game.
 E = Experience gained in this place as a percentage of experience gained in the entire game.
 F = Experience gained in this place divided by the number of levels of this place that you have seen.
                   A       B       C       D       E      F
               +-------+-------+-------+-------+-------+----------------------
         Total | 100.0 | 100.0 |   N/A |   N/A | 100.0 |   9.0
       Dungeon | 100.0 | 100.0 |   N/A |   N/A | 100.0 |   9.0
               +-------+-------+-------+-------+-------+----------------------
